 Dungeon Crawl Stone Soup version 0.20.1-1-g8b1a95d (webtiles) character file.

30 PhyxPenguin the Grave Robber (level 3, 0/27 HPs)
             Began as a Hill Orc Necromancer on Oct 15, 2017.
             Succumbed to an adder's poison
             ... on level 2 of the Dungeon on Oct 17, 2017.
             The game lasted 00:19:20 (1901 turns).

PhyxPenguin the Grave Robber (Hill Orc Necromancer) Turns: 1901, Time: 00:19:21

Health: 0/27       AC:  3    Str: 10    XL:     3   Next: 20%
Magic:  1/5        EV: 12    Int: 18    God:
Gold:   52         SH:  0    Dex: 11    Spells: 1/5 levels left

rFire    . . .     SeeInvis .   (no weapon)
rCold    . . .     Gourm    .   (no shield)
rNeg     . . .     Faith    .   a - +0 robe
rPois    .         Spirit   .   (no helmet)
rElec    .         Reflect  .   (no cloak)
rCorr    .         Harm     .   (no gloves)
MR       +....                  (no boots)
Stlth    ++........             (no amulet)
Regen    0.1/turn               e - ring of protection from magic
MPRegen  0.1/turn               (no ring)

@: lethally poisoned (0 -> -6), hasted, very quick
A: clever 1, shaggy fur 1
a: no special abilities


You were on level 2 of the Dungeon.
You were not hungry.

You visited 1 branch of the dungeon, and saw 2 of its levels.

You collected 52 gold pieces.

Inventory:

Armour
 a - a +0 robe (worn)
Jewellery
 e - a ring of protection from magic (left hand)
Potions
 f - a potion of curing {unknown}
 h - a potion of agility {unknown}
Books
 b - a book of Necromancy

   Spells                             Type                      Level
   a - Pain                           Necromancy                   1
   b - Animate Skeleton               Necromancy                   1
   c - Vampiric Draining              Necromancy                   3
   d - Regeneration                   Charms/Necromancy            3
   e - Animate Dead                   Necromancy                   4
   f - Control Undead                 Necromancy                   4
 i - a book of Minor Magic

   Spells                             Type                      Level
   a - Magic Dart                     Conjuration                  1
   b - Blink                          Translocation                2
   c - Call Imp                       Summoning                    2
   d - Slow                           Hexes                        2
   e - Conjure Flame                  Conjuration/Fire             3
   f - Mephitic Cloud                 Conjuration/Poison/Air       3
Comestibles
 c - a bread ration


   Skills:
 + Level 0.5 Fighting
 + Level 1.6 Dodging
 + Level 1.7 Stealth
 + Level 1.8 Spellcasting
 + Level 4.6 Necromancy
 + Level 0.1 Translocations


You had one spell level left.
You knew the following spells:

 Your Spells              Type           Power        Failure   Level  Hunger
a - Pain                  Necr           ###.         2%          1    #......
b - Animate Skeleton      Necr           N/A          2%          1    #......
c - Blink                 Tloc           N/A          26%         2    ###....


Dungeon Overview and Level Annotations

Branches:
Dungeon (2/15)

Altars:


Innate Abilities, Weirdness & Mutations

Your mind is acute. (Int +2)
You are covered in fur. (AC +1)


Message History

Aim: a kobold, wielding a dagger (resting, chance to defeat MR: 89%)
The kobold shouts!
The kobold writhes in agony!
The kobold throws a stone.
The stone hits you but does no damage.
Found 26 stones.
You see here a stone.
The kobold hits you with a dagger.
* * * LOW HITPOINT WARNING * * *
You barely miss the kobold.
The kobold is severely wounded.
The adder barely misses you. The kobold misses you.
You hit the kobold but do no damage.
The kobold is severely wounded.
The adder bites you.
* * * LOW HITPOINT WARNING * * *
You are lethally poisoned!
The adder poisons you!
You hit the kobold.
You kill the kobold!
You die...

..#(#.###......###
#.....# ##........
#.#.#.# #........#
....# #.........
#..# #.........
###.#####.........
#.................
#S########........
#@# ##.....#.
#)#...... ##.#####
#.#.##### .....
#.#.# #######
#.#.( #.#### #..
###


You could see an adder.

Vanquished Creatures
  An ooze (D:2)
  A leopard gecko (D:2)
  5 giant cockroaches
  3 hobgoblins
  4 bats
  A frilled lizard (D:2)
  5 goblins
  3 kobolds
23 creatures vanquished.

Notes
Turn   | Place    | Note
-------+----------+-------------------------------------------
     0 | D:1      | PhyxPenguin the Hill Orc Necromancer began the quest for the Orb.
     0 | D:1      | Reached XP level 1. HP: 14/14 MP: 3/3
   529 | D:1      | Reached XP level 2. HP: 14/20 MP: 2/4
  1240 | D:2      | Learned a level 1 spell: Animate Skeleton
  1596 | D:2      | Learned a level 2 spell: Blink
  1710 | D:2      | Reached XP level 3. HP: 23/26 MP: 0/5
  1881 | D:2      | Gained mutation: You are covered in fur. (AC +1) [potion of mutation]
  1881 | D:2      | Gained mutation: Your mind is acute. (Int +2) [potion of mutation]
  1900 | D:2      | HP: 1/27 [adder (3)]
  1901 | D:2      | Succumbed to an adder's poison

Action                   || total
-------------------------++-------
Melee: Unarmed           ||    13
 Cast: Pain              ||    41
       Blink             ||     1
  Use: Scroll            ||     2
       Potion            ||     2
  Eat: Bread ration      ||     1
Armor: Robe              ||    10
Dodge: Dodged            ||    35
